 Dungeon Crawl Stone Soup version 0.23.2-1-ga50397a6bc (webtiles) character file.

Game seed: 3235732825865866524

1758 Kobolds4U the Cleaver (level 8, -1/72 (73) HPs)
             Began as a Minotaur Berserker on Apr 28, 2019.
             Was an Elder of Trog.
             Engulfed by a cloud of freezing vapour (14 damage)
             ... on level 5 of the Dungeon.
             The game lasted 00:11:32 (5882 turns).

Kobolds4U the Cleaver (Minotaur Berserker)          Turns: 5882, Time: 00:11:33

HP:   -1/72 (73)    AC: 11    Str: 21    XL:     8   Next: 79%
MP:   7/7           EV: 10    Int:  5    God:    Trog [****..]
Gold: 241           SH:  0    Dex: 12    Spells: 7/7 levels left

rFire    . . .     SeeInvis .   a - +0 hand axe
rCold    . . .     Gourm    .   (no shield)
rNeg     . . .     Faith    .   y - +3 scale mail
rPois    .         Spirit   .   (helmet restricted)
rElec    .         Reflect  .   (no cloak)
rCorr    .         Harm     .   F - +0 pair of gloves (curse)
MR       .....                  (no boots)
Stlth    ..........             (no amulet)
HPRegen  0.22/turn              (no ring)
MPRegen  0.10/turn              (no ring)

@: no status effects
A: retaliatory headbutt, horns 2
a: Berserk, Trog's Hand, Brothers in Arms, Renounce Religion


You were on level 5 of the Dungeon.
You worshipped Trog.
Trog was greatly pleased with you.
You were not hungry.

You visited 1 branch of the dungeon, and saw 7 of its levels.

You collected 241 gold pieces.

Inventory:

Hand Weapons
 a - a +0 hand axe (weapon)
 D - a +2 whip of flaming
Armour
 g - a +0 pair of gloves
 y - a +3 scale mail (worn)
 F - a cursed +0 pair of gloves (worn)
Jewellery
 E - an uncursed ring of protection from cold {unknown}
Wands
 u - a wand of polymorph (9)
 w - a wand of flame (18)
 z - a wand of clouds (4)
Scrolls
 f - 2 scrolls of enchant weapon {unknown}
 h - a scroll of noise {unknown}
 j - a scroll of immolation {unknown}
 l - 2 scrolls of fear {unknown}
 n - 5 scrolls of teleportation {unknown}
 p - 2 scrolls of random uselessness {unknown}
 q - 2 scrolls of amnesia {unknown}
 t - 5 scrolls of remove curse
 v - a scroll of enchant armour {unknown}
 B - 2 scrolls of identify
 C - a scroll of fog {unknown}
Potions
 b - 4 potions of brilliance {unknown}
 d - 3 potions of might
 e - 3 potions of heal wounds
 i - 7 potions of curing
 k - a potion of mutation {unknown}
 m - a potion of flight {unknown}
 o - 2 potions of haste {unknown}
 r - a potion of cancellation {unknown}
 s - a potion of degeneration {unknown}
 x - a potion of invisibility {unknown}
 A - a potion of agility {unknown}
Comestibles
 c - 10 rations


   Skills:
 + Level 7.2 Fighting
 * Level 11.1 Axes
 + Level 5.9 Armour
 - Level 2.1 Dodging


You had 7 spell levels left.
You didn't know any spells.
Your spell library was empty.

Dungeon Overview and Level Annotations

Branches:
Dungeon (7/15)
 Temple: D:4-7

Altars:
Ashenzari
Fedhas
Okawaru
Trog


Innate Abilities, Weirdness & Mutations

You reflexively headbutt those who attack you in melee.
You have a pair of horns on your head.


Message History

No target in view!
No target in view!
No target in view!
No target in view!
No target in view!
Done exploring.
Done exploring.
You open the door.
Really walk into a travel-excluded area? [Y]es or [N]o only, please.
Really walk into a travel-excluded area?
Okay, then.
Really walk into a travel-excluded area?
There is an open door here.
You are engulfed in freezing vapours.
You are engulfed in freezing vapours.
You are engulfed in freezing vapours.
* * * LOW HITPOINT WARNING * * *
You are engulfed in freezing vapours.
You die...

#.#.#.....#####.#.####...###
#.#.#.....# #.#.###.......
#.#.#.....#####.#.#......#..
#.#.##....#####.#.#.#....#..
#.#<......#.#$###.#.#....#..
#####.#.....#.'.#$#...#.....##..
#.........#...#.#$#.##########..
#.........#.###○#$#.#...........
#......^#.#.###@#§#....##.......
#.......#.#.###○#§#....##.....##
#.......###...#○#§#....#......''
##...........#.#○#§#....#......##
#......#######.#○#§#....#......#.
#......'.......#○#§#....#......#.
#...>..#########○#§#....#.######.
#......# ##§#§#.#....# #....
#......##### ##§#§#.###### #....


There were no monsters in sight!

Vanquished Creatures
  Pikel (D:6)
  Prince Ribbit (D:6)
  4 slaves (D:6)
  A sky beast (D:5)
  A necrophage (D:5)
  A centaur (D:5)
  The ghost of Zentennen the Conjurer, an amateur OpWz (D:4)
  2 scorpions (D:6)
  A crimson imp (D:6)
  A centaur zombie (D:6)
  2 orc priests (D:4)
  A jelly (D:4)
  2 orc wizards
  A bullfrog skeleton (D:5)
  An iguana (D:4)
  5 worker ants
  A hound zombie (D:5)
  A hound skeleton (D:4)
  Robin (D:3)
  A howler monkey skeleton (D:6)
  10 adders
  4 shadow imps
  2 oozes
  4 worms
  2 dart slugs (D:3)
  A leopard gecko (D:2)
  17 orcs
  5 bats
  7 giant cockroaches
  14 goblins
  10 hobgoblins
  3 jackals (D:2)
  8 kobolds
  2 quokkas
  A ball python (D:2)
  2 frilled lizards
  A giant cockroach zombie (D:5)
  A quokka skeleton (D:5)
  A quokka zombie (D:6)
  6 rats
131 creatures vanquished.

Notes
Turn   | Place    | Note
-------+----------+-------------------------------------------
     0 | D:1      | Kobolds4U the Minotaur Berserker began the quest for the
                  | Orb.
     0 | D:1      | Reached XP level 1. HP: 19/19 MP: 0/0
    43 | D:1      | Reached skill level 4 in Axes
   101 | D:1      | Reached XP level 2. HP: 26/26 MP: 1/1
   863 | D:2      | Reached skill level 5 in Axes
   886 | D:2      | Reached XP level 3. HP: 26/31 MP: 2/2
  1042 | D:2      | Reached ** piety under Trog
  1536 | D:3      | Reached skill level 6 in Axes
  1536 | D:3      | Reached XP level 4. HP: 39/39 MP: 3/3
  1787 | D:3      | Noticed Robin
  1809 | D:3      | Killed Robin
  1852 | D:3      | Reached *** piety under Trog
  1867 | D:3      | Reached XP level 5. HP: 32/45 MP: 4/4
  1876 | D:3      | Found a faded altar of an unknown god.
  1975 | D:3      | Found an iron altar of Okawaru.
  2215 | D:3      | Reached skill level 7 in Axes
  2700 | D:4      | Reached XP level 6. HP: 29/53 MP: 5/5
  2705 | D:4      | Reached skill level 8 in Axes
  2925 | D:4      | Found a runed translucent door.
  2928 | D:4      | Noticed Zentennen's ghost (amateur OpWz)
  3500 | D:4      | Killed Zentennen's ghost
  3575 | D:5      | Entered Level 5 of the Dungeon
  3701 | D:5      | Noticed a sky beast
  3712 | D:5      | Killed a sky beast
  3712 | D:5      | Reached skill level 5 in Fighting
  3712 | D:5      | Reached XP level 7. HP: 54/61 MP: 6/6
  3755 | D:5      | Found a shattered altar of Ashenzari.
  3779 | D:5      | You fall through a shaft!
  4062 | D:5      | Reached skill level 9 in Axes
  4086 | D:5      | Found a blossoming altar of Fedhas.
  4510 | D:6      | Noticed Prince Ribbit
  4524 | D:6      | Killed Prince Ribbit
  4524 | D:6      | Reached XP level 8. HP: 46/69 MP: 7/7
  4680 | D:6      | Reached **** piety under Trog
  4680 | D:6      | Reached skill level 10 in Axes
  4817 | D:6      | Found a bloodstained altar of Trog.
  5259 | D:6      | Noticed Pikel
  5282 | D:6      | Killed Pikel
  5282 | D:6      | Reached skill level 5 in Armour
  5434 | D:6      | Reached skill level 11 in Axes
  5882 | D:5      | Engulfed by a cloud of freezing vapour

Skill      XL: |  1  2  3  4  5  6  7  8 |
---------------+-------------------------+-----
Axes           | 4 5 6 7 8 9 11 | 11.1
Fighting       | 4 5 6 7 |  7.2
Armour         | 3 4 5 |  5.9
Dodging        | |  2.1

Action                   |  1- 3 |  4- 6 |  7- 9 || total
-------------------------+-------+-------+-------++-------
Melee: Hand axe          |    70 |   173 |   161 ||   404
       Headbutt          |    16 |    25 |    38 ||    79
Invok: Trog's Hand       |       |     1 |     1 ||     2
       Berserk           |       |       |     1 ||     1
  Use: Scroll            |       |     4 |       ||     4
  Eat: Chunk             |     2 |     7 |     5 ||    14
       Ration            |       |       |     1 ||     1
Armor: Animal skin       |     9 |       |       ||     9
       Scale mail        |     2 |    62 |    71 ||   135
       Skin              |       |    11 |       ||    11
Dodge: Dodged            |    32 |    60 |    67 ||   159
